 Dungeon Crawl Stone Soup version 0.28-a0-1632-g283549b12f (webtiles) character file.

Game seed: 16466642707029693629

19 Ijustatesigmund the Skirmisher (level 2, -1/20 HPs)
             Began as a Gargoyle Fighter on Jan 25, 2022.
             Slain by Natasha (2 damage)
             ... on level 2 of the Dungeon.
             The game lasted 00:00:49 (888 turns).

Ijustatesigmund the Skirmisher (Gargoyle Fighter)    Turns: 888, Time: 00:00:50

Health: -1/20      AC: 11    Str: 19    XL:     2   Next: 75%
Magic:  2/2        EV:  9    Int:  8    God:
Gold:   30         SH:  4    Dex:  9    Spells: 1/1 levels left

rFire   . . .      SeeInvis .   a - +0 flail
rCold   . . .      Faith    .   c - +0 buckler
rNeg    + . .      Spirit   .   b - +0 scale mail
rPois   ∞          Reflect  .   (no helmet)
rElec   +          Harm     .   (no cloak)
rCorr   .          Rampage  .   (no gloves)
Will    .....      Rage     1%  (no boots)
Stlth   ..........              (no amulet)
HPRegen 0.06/turn               (no ring)
MPRegen 0.08/turn               (no ring)

@: mighty
A: sickness immunity, AC +2, negative energy resistance 1, electricity
resistance, torment resistance 1, petrification resistance, iridescent scales 1,
berserk 1
a: no special abilities


You were on level 2 of the Dungeon.
You visited 1 branch of the dungeon, and saw 2 of its levels.

You collected 30 gold pieces.

Inventory:

Hand Weapons
 a - a +0 flail (weapon)
Armour
 b - a +0 scale mail (worn)
 c - a +0 buckler (worn)
Scrolls
 f - a scroll of teleportation {unknown}
 g - a scroll of fear {unknown}


   Skills:
 + Level 3.8 Fighting
 + Level 2.6 Maces & Flails
 - Level 3.2 Armour
 - Level 3.2 Shields


You had one spell level left.
You didn't know any spells.
Your spell library was empty.

Dungeon Overview and Level Annotations

Branches:
Dungeon (2/15)

Altars:

Annotations:
D:2 Natasha


Innate Abilities, Weirdness & Mutations

You are immune to sickness and miasma.
Your stone body is resilient. (AC +2)
You are immune to poison.
You resist negative energy. (rN+)
You are resistant to electric shocks. (rElec)
You are resistant to unholy torment.
You are immune to petrification.
You are partially covered in iridescent scales. (AC +2)
You tend to lose your temper in combat.


Message History

You are too injured to fight recklessly!
You are too injured to fight recklessly!
You are too injured to fight recklessly!
You are too injured to fight recklessly!
You are too injured to fight recklessly!
You are too injured to fight recklessly!
You are too injured to fight recklessly!
You are too injured to fight recklessly!
You are too injured to fight recklessly!
You are too injured to fight recklessly!
You are too injured to fight recklessly!
You are too injured to fight recklessly!
You are too injured to fight recklessly!
You are too injured to fight recklessly!
You closely miss Natasha.
Natasha is moderately wounded.
The bat closely misses you. The bat hits you but does no damage.
Natasha claws you but does no damage.
You closely miss Natasha.
Natasha is moderately wounded.
The bat hits you but does no damage. Natasha claws you.
* * * LOW HITPOINT WARNING * * *
Natasha mumbles some strange words.
Natasha glows brightly for a moment.
Natasha casts a spell at you. You resist with significant effort.
It was a potion of mutation.
You feel extremely strange.
You feel a little pissed off.
Iridescent scales grow over part of your body.
The bat hits you.
* * * LOW HITPOINT WARNING * * *
Natasha mumbles some strange words.
You feel very mighty all of a sudden. The bat hits you but does no damage.
Natasha casts a spell.
The crimson imp shouts, "Scamper hence, thou yeasty rump-fed yak-dropping!"
You hit Natasha.
Natasha is moderately wounded.
You block the bat's attack. Natasha claws you.
You die...

. ####### ...
##.....##
....#.......#.##
.......b<.......
.....8.@...8..##
.....5h.......#
.......858....#
...#..........#
#+ #.8.....8..#
#....>.....#
##.......###
##.....##


You could see Natasha, a crimson imp (summoned), a white imp (summoned) and a
bat.

Vanquished Creatures
  3 bats (D:1)
  2 endoplasms (D:1)
  A giant cockroach (D:1)
  2 goblins (D:1)
  A hobgoblin (D:2)
  A kobold (D:1)
  A quokka (D:1)
  2 ball pythons (D:1)
  3 frilled lizards (D:1)
  2 rats (D:1)
18 creatures vanquished.

Notes
Turn   | Place    | Note
-------+----------+-------------------------------------------
     0 | D:1      | Ijustatesigmund the Gargoyle Fighter began the quest for
                  | the Orb.
     0 | D:1      | Reached XP level 1. HP: 14/14 MP: 1/1
   225 | D:1      | Reached XP level 2. HP: 18/19 MP: 2/2
   878 | D:2      | Noticed Natasha
   886 | D:2      | Gained mutation: You tend to lose your temper in combat.
                  | [potion of mutation]
   886 | D:2      | Gained mutation: You are partially covered in iridescent
                  | scales. (AC +2) [potion of mutation]
   886 | D:2      | HP: 1/20 [bat (1)]
   887 | D:2      | Noticed a crimson imp
   888 | D:2      | Slain by Natasha

Illustrated notes

Levels and vault maps discovered:
D:1:      dpeg_arrival_rooms_b, layout_basic
D:2:      layout_loops_corners, basic_altar, basic_ecumenical_altar,
          kennysheep_nondescript, minivault_11, minmay_splitting_lines,
          grunt_decor_mini_mirrors, grunt_ministairs_10,
          nicolae_elevator_lobby_plus, uniq_natasha

Action                   || total
-------------------------++-------
Melee: Flail             ||    61
  Use: Potion            ||     2
Armor: Scale mail        ||    48
Dodge: Dodged            ||    27
Block: Buckler           ||    12

Table legend: (Time is in decaauts)
 A = Elapsed time spent in this place.
 B = Non-inter-level travel time spent in this place.
 C = Inter-level travel time spent in this place.
 D = Time resting spent in this place.
 E = Time spent auto-exploring this place.
 F = Levels seen in this place.
 G = Mean time per level.
                   A        B        C        D        E       F      G
               +--------+--------+--------+--------+--------+-----+--------+
         Total |    907 |    890 |     17 |      0 |    755 |   2 |  453.5 |
       Dungeon |    907 |    890 |     17 |      0 |    755 |   2 |  453.5 |
               +--------+--------+--------+--------+--------+-----+--------+

Top non-repeatable levels by time:
     D:1: 895 daAuts
     D:2: 11 daAuts
